 Dungeon Crawl Stone Soup version 0.19.5 (webtiles) character file.

15 equalderp2856 the Caller (level 2, 0/11 HPs)
             Began as a Felid Summoner on Apr 10, 2017.
             Slain by a goblin
             ... wielding a +4 dagger
              (6 damage)
             ... on level 1 of the Dungeon.
             The game lasted 00:03:12 (1682 turns).

equalderp2856 the Caller (Felid Summoner)           Turns: 1682, Time: 00:03:12

Health: 0/11       AC:  2    Str:  4    XL:     2   Next: 34%
Magic:  4/6        EV: 18    Int: 16    God:
Gold:   34         SH:  0    Dex: 16    Spells: 2 memorised, 2 levels left
                                        Lives:  0   Deaths: 0

rFire  . . .     SeeInvis +     (weapon unavailable)
rCold  . . .     Gourm    .     (armour unavailable)
rNeg   . . .     Faith    .     (shield unavailable)
rPois  .         Spirit   .     (helmet unavailable)
rElec  .         Reflect  .     (cloak unavailable)
rCorr  .         Harm     .     (gloves unavailable)
MR     .....                    (boots unavailable)
Stlth  +++.......               (no amulet)
                                (no ring)
                                c - +1 ring of protection

@: quick
A: no armour, no weapons or thrown items, stealth, claws 1, fangs 3, see
invisible, carnivore 3, speed 1, shaggy fur 1, slow metabolism 1, sharp paws
a: no special abilities


You were on level 1 of the Dungeon.
You were completely stuffed.

You visited 1 branch of the dungeon, and saw 1 of its levels.

You collected 34 gold pieces.

Inventory:

Jewellery
 c - a +1 ring of protection (left paw)
Scrolls
 e - a scroll of identify {unknown}
 f - a scroll of recharging {unknown}
Potions
 d - a potion of might {unknown}
 g - a potion of brilliance {unknown}
Books
 a - a book of Callings

   Spells                             Type                      Level
   a - Summon Small Mammal            Summoning                    1
   b - Call Imp                       Summoning                    2
   c - Call Canine Familiar           Summoning                    3
   d - Summon Guardian Golem          Hexes/Summoning              3
   e - Summon Lightning Spire         Summoning/Air                4
   f - Summon Ice Beast               Ice/Summoning                4
Comestibles
 b - a meat ration


   Skills:
 + Level 2.6 Dodging
 + Level 2.8 Stealth
 + Level 0.2 Unarmed Combat
 + Level 2.1 Spellcasting
 + Level 4.4 Summonings


You had 2 spell levels left.
You knew the following spells:

 Your Spells              Type           Power        Failure   Level  Hunger
a - Summon Small Mammal   Summ           ###.         4%          1    #......
b - Call Imp              Summ           ###.....     8%          2    ###....


Dungeon Overview and Level Annotations

Branches:
Dungeon (1/15)

Altars:


Innate Abilities, Weirdness & Mutations

You cannot wear armour.
You are incapable of wielding weapons or throwing items.
Your paws allow you to move quietly. (Stealth)
You have sharp claws.
You have razor-sharp teeth.
You have supernaturally acute eyesight. (SInv)
You are carnivorous and can eat meat at any time.
You cover ground quickly.
You are covered in fur. (AC +1)
You have a slow metabolism.
Your sharp claws are effective at attacking unaware monsters.


Message History

You scratch the goblin.
The goblin is moderately wounded.
The goblin hits you with an enchanted dagger.
You swap places.
Your quokka bites the goblin.
Your rat closely misses the goblin.
The goblin misses your quokka.
Your quokka disappears in a puff of smoke!
Your rat closely misses the goblin.
Your rat disappears in a puff of smoke!
The goblin hits you with an enchanted dagger.
Casting: Summon Small Mammal
Confirm with . or Enter, or press ? or * to list all spells.
Casting: Summon Small Mammal
Confirm with . or Enter, or press ? or * to list all spells.
Your bat barely misses the goblin.
The goblin hits you but does no damage.
You barely miss the goblin.
The goblin is moderately wounded.
Your bat closely misses the goblin.
The goblin hits you with an enchanted dagger.
Ouch! That really hurt!
You die...

## ###.###≈♣≈P≈≈♣≈≈≈♣ .#
#...##♣♣≈≈≈P≈PP≈♣♣ .# #####
#...'.≈♣≈♣≈≈≈P≈≈≈ .# #...#
#...##♣♣≈≈≈≈≈≈P≈≈≈
.###.#.########.....≈♣≈≈≈≈≈≈
.....#.......###'##♣≈P≈≈≈≈≈≈
############.# #.# ≈♣≈≈P≈≈≈≈
...# #....##.# #r##≈≈≈≈≈≈≈≈≈
...#
#.##....###@#.≈♣≈≈≈≈≈≈≈≈≈≈≈♣
...#
#.###......g..≈♣≈≈≈≈≈≈≈≈≈≈PP
...#
#...'.........♣≈P≈≈≈≈≈≈≈≈≈≈≈
...#
#####.(......b≈♣P≈≈≈≈≈≈≈≈≈≈≈
...#
#.........≈♣P≈≈≈≈≈≈≈≈≈≈♣
'###
#.........♣♣≈≈≈≈≈≈≈≈≈≈≈♣ .#
#.........# ≈≈≈≈≈≈≈≈♣P≈≈
#### ###...#'###
♣P≈≈≈≈≈≈≈≈♣≈ ...#
#.###.###♣♣≈♣≈≈≈≈≈≈≈P♣


You could see a goblin, a friendly quokka and a friendly bat.

Vanquished Creatures
  A giant cockroach (D:1)
  A jackal (D:1)
  A kobold (D:1)
  2 bats (D:1)
  A rat (D:1)
6 creatures vanquished.

Vanquished Creatures (collateral kills)
  A leopard gecko (D:1)
  A goblin (D:1)
  2 hobgoblins (D:1)
  A jackal (D:1)
  2 kobolds (D:1)
  2 bats (D:1)
  A rat (D:1)
10 creatures vanquished.

Grand Total: 16 creatures vanquished

Notes
Turn   | Place    | Note
-------+----------+-------------------------------------------
     0 | D:1      | equalderp2856 the Felid Summoner began the quest for the Orb.
     0 | D:1      | Reached XP level 1. HP: 7/7 MP: 4/4
   638 | D:1      | Reached XP level 2. HP: 6/11 MP: 4/6
   983 | D:1      | Learned a level 2 spell: Call Imp
  1682 | D:1      | Slain by a goblin

Action                   || total
-------------------------++-------
Melee: Unarmed           ||    75
       Bite              ||     7
 Cast: Summon Small Mamm ||    29
       Call Imp          ||     1
 Stab: Sleeping          ||     3
  Eat: Chunk             ||     9
Armor: Skin              ||    24
Dodge: Dodged            ||   118
